 Dungeon Crawl Stone Soup version 0.30-a0-1103-g25895a7845 (webtiles) character file.

Game seed: 2251955769911315919

634 Sharkman1231 the Chopper (level 7, 0/63 HPs)
             Began as a Hill Orc Monk on Apr 19, 2023.
             Killed from afar by a white imp (4 damage)
             ... with a puff of frost
             ... on level 5 of the Dungeon.
             The game lasted 00:03:31 (3385 turns).

Sharkman1231 the Chopper (Hill Orc Monk)            Turns: 3385, Time: 00:03:32

Health: 0/63       AC:  4    Str: 14    XL:     7   Next: 49%
Magic:  7/7        EV: 12    Int: 12    God:
Gold:   236        SH:  0    Dex: 13    Spells: 6/6 levels left

rFire   . . .      SeeInvis .    b - +2 dagger (venom)
rCold   . . .      Faith    .    d - orb {light}
rNeg    . . .      Spirit   .    o - +0 leather armour {rPois}
rPois   +          Reflect  .    (no helmet)
rElec   .          Rampage  .    p - +0 cloak
rCorr   .                        (no gloves)
Will    .....                    (no boots)
Stlth   +                        (no amulet)
HPRegen 0.30/turn                (no ring)
MPRegen 0.10/turn                (no ring)

@: glowing
A: no striking features
a: no special abilities


You were on level 5 of the Dungeon.
You visited 1 branch of the dungeon, and saw 5 of its levels.

You collected 236 gold pieces.

Inventory:

Hand Weapons
 a - a +0 hand axe
 b - a +2 dagger of venom (weapon)
 r - a +1 mace of holy wrath
Armour
 d - an orb of light (worn)
 n - a +0 buckler
 o - a +0 leather armour of poison resistance (worn)
 p - a +0 cloak (worn)
Wands
 w - a wand of flame (22)
Scrolls
 e - a scroll of fear {unknown}
 g - 2 scrolls of amnesia {unknown}
 j - 3 scrolls of magic mapping {unknown}
 l - a scroll of teleportation
 m - a scroll of vulnerability
 t - a scroll of noise {unknown}
 u - a scroll of blinking
Potions
 c - a potion of ambrosia
 f - a potion of berserk rage
 h - 3 potions of heal wounds
 i - 2 potions of invisibility {unknown}
 k - a potion of lignification
 q - 2 potions of mutation {unknown}
 s - a potion of curing {unknown}
 v - a potion of cancellation {unknown}
 x - a potion of attraction {unknown}


   Skills:
 + Level 6.0 Fighting
 + Level 3.4 Short Blades
 + Level 6.6 Axes
 + Level 4.1 Armour
 - Level 2.4 Dodging


You had 6 spell levels left.
You didn't know any spells.
Your spell library contained the following spells:

 Spells                   Type           Power      Damage    Failure   Level
 Blink                    Tloc           0%         N/A       52%         2
 Dazzling Flash           Conj/Hex       0%         N/A       77%         3
 Ignite Poison            Fire/Tmut/Pois 0%         N/A       77%         3
 Stone Arrow              Conj/Erth      0%         3d7       77%         3
 Cause Fear               Hex            0%         N/A       99%         4
 Manifold Assault         Tloc           0%         N/A       99%         4
 Agony                    Necr           0%         N/A       100%        5
 Silence                  Hex/Air        0%         N/A       100%        5
 Summon Mana Viper        Hex/Summ       0%         N/A       100%        5
 Iron Shot                Conj/Erth      0%         9d1       100%        6
 Dragon Form              Tmut           0%         N/A       100%        7
 Storm Form               Tmut/Air       0%         N/A       100%        7
 Lehudib's Crystal Spear  Conj/Erth      0%         10d2      100%        8
 Dragon's Call            Summ           0%         N/A       100%        9


Dungeon Overview and Level Annotations

Branches:
Dungeon (5/15)
 Temple: D:4-7

Altars:
Ashenzari
Cheibriados

Portals:
Sewer: D:5

Annotations:
D:5 Menkaure


Message History

A ball python comes into view.
An iguana comes into view.
The iguana hisses angrily.
Menkaure calls on the powers of darkness!
The iguana convulses!
The giant cockroach convulses!
The ball python convulses!
The orc convulses!
The giant cockroach convulses!
The orc convulses!
The giant cockroach convulses!
Your body is wracked with pain!
The white imp gestures at you. The puff of frost hits you!
An orc comes into view. It is wielding a +0 mace.
Menkaure calls on the powers of darkness!
The orc convulses!
The iguana convulses!
The giant cockroach convulses!
The orc convulses!
The giant cockroach convulses!
Your body is wracked with pain!
* * * LOW HITPOINT WARNING * * *
The giant cockroach attacks as you move away!
The giant cockroach misses you.
The giant cockroach attacks as you move away!
The giant cockroach bites you but does no damage.
You hear the slow rusting of a drain very nearby.
The giant cockroach closely misses you.
Things that are here:
a +0 club; a +0 hand axe; an adder corpse You see here a +0 club.
The giant cockroach attacks as you move away!
The giant cockroach bites you.
* * * LOW HITPOINT WARNING * * *
The giant cockroach misses you.
Found 3 scrolls of blinking.
You hit the giant cockroach but do no damage.
The giant cockroach is poisoned.
The giant cockroach is moderately wounded.
You kill the giant cockroach!
Found 3 scrolls labelled LUOTHR QAPSUKOU.
The rat twitches its whiskers.
The white imp gestures at you. The puff of frost hits you!
* * * LOW HITPOINT WARNING * * *
The white imp gestures at you. The puff of frost hits you.
You die...

#....####.o#ro#
S......###....l#B##
#......# #.##l.#5#
#....### # ##B#.#
..... #S#.# ..###
#o#.# .# #...# .
##..# #.@#
#...?.........#
..###.......###
.......###
###.###?. #. #.# ..
.. ..# ##.


You could see an iguana, a white imp, an orc, 2 giant cockroaches and a ball
python.

Vanquished Creatures
  Sigmund (D:4)
  An ogre (D:5)
  A phantom (D:4)
  2 scorpions
  A jelly (D:4)
  2 orc wizards (D:3)
  4 adders
  An ufetubus (D:4)
  A worm (D:4)
  5 dart slugs
  9 orcs
  8 ball pythons
  9 bats
  3 endoplasms
  3 giant cockroaches
  9 goblins
  5 hobgoblins
  A kobold (D:4)
  A quokka (D:2)
  5 rats
72 creatures vanquished.

Notes
Turn   | Place    | Note
-------+----------+-------------------------------------------
     0 | D:1      | Sharkman1231 the Hill Orc Monk began the quest for the Orb.
     0 | D:1      | Reached XP level 1. HP: 19/19 MP: 1/1
   273 | D:1      | Got the Cyclopedia of the Fault
   317 | D:1      | Reached XP level 2. HP: 27/27 MP: 2/2
   548 | D:1      | Reached skill level 1 in Armour
  1035 | D:2      | Reached XP level 3. HP: 33/33 MP: 3/3
  1982 | D:3      | Reached skill level 1 in Short Blades
  1982 | D:3      | Reached XP level 4. HP: 40/41 MP: 4/4
  2106 | D:3      | Reached skill level 5 in Axes
  2115 | D:3      | Reached XP level 5. HP: 31/47 MP: 5/5
  2450 | D:4      | Noticed Sigmund
  2663 | D:4      | Found a snail-covered altar of Cheibriados.
  2663 | D:4      | Found a broken altar of Ashenzari.
  2680 | D:4      | Reached skill level 5 in Fighting
  2810 | D:4      | Got the Monograph on the Enchanting Panacea
  2829 | D:4      | Noticed a phantom
  2840 | D:4      | Killed a phantom
  2841 | D:4      | Reached XP level 6. HP: 41/56 MP: 6/6
  2949 | D:4      | Killed Sigmund
  2950 | D:4      | Reached XP level 7. HP: 61/61 MP: 7/7
  3270 | D:5      | Entered Level 5 of the Dungeon
  3365 | D:5      | Found a glowing drain.
  3367 | D:5      | Noticed Menkaure
  3385 | D:5      | Killed from afar by a white imp

Illustrated notes

Levels and vault maps discovered:
D:1:      tarquinn_simple_flora_water_f, layout_basic
D:2:      layout_basic
D:3:      layout_rooms, chequers_serial_rivers_micro_e
D:4:      layout_basic, chequers_temple_overflow_statue_of_worship, uniq_sigmund
D:5:      layout_rooms, portal_sewer_entry_a,
          amcnicky_mini_rare_corridor_liquid, uniq_menkaure

Skill      XL: |  1  2  3  4  5  6  7 |
---------------+----------------------+-----
Armour         | 1 2 3 4 |  4.1
Fighting       | 4 5 6 |  6.0
Short Blades   | 1 2 3 |  3.4
Axes           | 5 6 |  6.6
Dodging        | |  2.4

Action                     |  1- 3 |  4- 6 |  7- 9 || total
---------------------------+-------+-------+-------++-------
  Melee: Hand axe          |    40 |       |       ||    40
         Dagger            |    53 |    70 |    36 ||   159
         Mace              |       |     9 |       ||     9
  Evoke: Wand              |       |       |     2 ||     2
    Use: Scroll            |     3 |     3 |     1 ||     7
   Stab: Paralysed         |       |       |     5 ||     5
 Armour: Robe              |    18 |       |       ||    18
         Leather armour    |     4 |    21 |     8 ||    33
  Dodge: Dodged            |    70 |    45 |    30 ||   145

Table legend: (Time is in decaauts)
 A = Elapsed time spent in this place.
 B = Non-inter-level travel time spent in this place.
 C = Inter-level travel time spent in this place.
 D = Time resting spent in this place.
 E = Time spent auto-exploring this place.
 F = Levels seen in this place.
 G = Mean time per level.
                   A        B        C        D        E       F      G
               +--------+--------+--------+--------+--------+-----+--------+
         Total |   3376 |   3203 |    173 |    400 |   2208 |   5 |  675.2 |
       Dungeon |   3376 |   3203 |    173 |    400 |   2208 |   5 |  675.2 |
               +--------+--------+--------+--------+--------+-----+--------+

Top non-repeatable levels by time:
     D:2: 1039 daAuts
     D:1: 910 daAuts
     D:4: 889 daAuts
     D:3: 425 daAuts
     D:5: 111 daAuts
